Map: Moebius Facility XX-1

Players

Loken - Winner!

  • Race: Protoss Protoss
  • League: Platinum
  • Spawn Location: 12:00

dallaskuken - Winner!

  • Race: Protoss Protoss
  • League: Platinum
  • Spawn Location: 11:00

LukuluK

  • Race: Terran Terran
  • League: Gold
  • Spawn Location: 7:00

StarKitch

  • Race: Terran Terran
  • Spawn Location: 6:00

VOD

Have the link to the VOD?

Description

Time

  • Played on: April 6, 2017, 6:52 a.m.
  • Length: 7:05
Show
View Real Time Build Order
Export as new Build Order

Loken Protoss - Winner!

Build Orders:  

Get SALT Encoding   

  12  0:01  Probe (Chrono Boost)  
  13  0:12  Probe (Chrono Boost)  
  14  0:22  Probe (Chrono Boost)  
  15  0:30  Pylon  
  15  0:48  Probe (Chrono Boost)  
  16  0:53  Gateway  
  16  0:55  Gateway  
  16  0:59  Probe (Chrono Boost)  
  17  1:06  Assimilator  
  17  1:09  Probe (Chrono Boost)  
  18  1:29  Probe (Chrono Boost)  
  19  1:40  Pylon, Probe (Chrono Boost)  
  19  1:42  Cybernetics Core  
  19  1:46  Gateway  
  20  1:53  Pylon  
  20  1:56  Probe (Chrono Boost)  
  20  2:00  Assimilator  
  21  2:19  Stalker  
  21  2:20  Stalker  
  25  2:23  Probe (Chrono Boost)  
  26  2:34  Stalker, Probe (Chrono Boost)  
  29  2:42  Warp Gate  
  29  2:50  Stalker  
  31  2:57  Stalker  
  33  3:06  Stalker  
  35  3:52  Stalker x2  
  39  3:56  Pylon  
  39  4:01  Stalker  
  35  4:21  Pylon  
  33  5:13  Stalker x3  
  39  5:52  Stalker x2  
  39  5:53  Stalker  
  45  6:17  Forge  
  45  6:21  Pylon  
  43  7:02  Stalker x2  
  43  7:03  Stalker  
Show
View Real Time Build Order
Export as new Build Order

dallaskuken Protoss - Winner!

Build Orders:  

Get SALT Encoding   

  12  0:01  Probe (Chrono Boost)  
  13  0:11  Probe (Chrono Boost)  
  14  0:21  Pylon  
  14  0:23  Probe (Chrono Boost)  
  15  0:39  Probe (Chrono Boost)  
  15  0:40  Gateway  
  16  0:45  Assimilator  
  16  0:50  Probe (Chrono Boost)  
  17  0:59  Gateway  
  17  1:01  Probe (Chrono Boost)  
  19  1:11  Probe (Chrono Boost)  
  19  1:12  Assimilator  
  19  1:22  Probe (Chrono Boost)  
  20  1:33  Cybernetics Core  
  20  1:36  Probe (Chrono Boost)  
  21  1:41  Pylon  
  21  1:58  Warp Gate, Gateway  
  21  2:09  Stalker x2  
  26  2:16  Probe (Chrono Boost)  
  26  2:26  Pylon  
  26  2:29  Probe (Chrono Boost)  
  27  2:46  Stalker, Robotics Facility  
  29  2:58  Pylon  
  29  3:01  Stalker  
  31  3:10  Stalker  
  33  3:46  Stalker  
  33  3:47  Stalker x2  
  37  4:14  Immortal  
  37  4:16  Stalker  
  37  4:17  Stalker  
  45  4:35  Pylon  
  45  4:37  Gateway  
  45  4:41  Gateway  
  43  4:55  Immortal  
  45  5:28  Pylon  
  45  5:30  Pylon  
  45  5:42  Nexus  
  43  6:23  Immortal  
  43  6:25  Stalker x2  
  49  6:26  Stalker x3  
Show
View Real Time Build Order
Export as new Build Order

LukuluK Terran 

Build Orders: Reaper Expand 

Get SALT Encoding   

  12  0:02  SCV  
  14  0:14  SCV  
  14  0:22  Supply Depot  
  14  0:26  SCV  
  15  0:45  Barracks  
  15  0:47  SCV  
  16  1:04  SCV  
  16  1:11  Refinery  
  17  1:42  Barracks  
  17  1:53  Orbital Command  
  17  1:54  Reaper  
  17  1:57  Refinery  
  18  2:08  Command Center  
  18  2:21  SCV  
  19  2:31  Factory  
  19  2:47  SCV  
  19  2:56  Barracks Tech Lab x2  
  19  2:59  SCV  
  20  3:10  Supply Depot  
  20  3:18  Marine x2  
  20  3:19  Supply Depot  
  22  3:23  Bunker  
  22  3:36  Marine x2  
  21  3:52  Bunker  
  21  3:54  Bunker, Marine x2  
  16  4:12  Marine x2  
  16  4:16  Bunker  
  8  4:29  Marine  
  5  5:01  SCV  
  5  5:02  Marine  
  5  5:06  Widow Mine  
  8  5:18  SCV  
  8  5:20  Marine  
  10  5:54  SCV  
  11  5:57  Marine  
  12  6:07  SCV  
  14  6:15  Marine  
  14  6:17  Orbital Command  
  14  6:20  SCV  
  15  6:33  Marine  
Show
View Real Time Build Order
Export as new Build Order

StarKitch Terran 

Build Orders: Command Center First (CC) 

Get SALT Encoding   

  12  0:01  SCV  
  13  0:13  SCV  
  14  0:24  Supply Depot  
  14  0:25  SCV  
  15  0:46  SCV  
  16  0:58  SCV  
  16  1:03  Command Center  
  17  1:10  SCV  
  18  1:23  SCV, Barracks  
  19  1:33  Barracks  
  19  1:36  SCV  
  20  1:54  SCV  
  20  1:56  Refinery  
  20  2:00  Supply Depot  
  21  2:10  SCV  
  22  2:17  Barracks, Marine  
  23  2:44  Refinery  
  23  2:45  Orbital Command  
  23  2:47  Marine  
  24  2:52  Bunker  
  24  2:53  Barracks Tech Lab  
  24  3:05  Marine  
  25  3:19  Marine  
  26  3:20  Marine  
  25  3:37  Marine x2  
  25  3:40  Marine  
  26  3:43  Bunker  
  26  3:44  SCV  
  27  3:55  Marine  
  27  3:56  SCV  
  27  3:58  Marine x2  
  26  4:08  SCV  
  25  4:13  Marine  
  25  4:15  Marine  
  25  4:16  Marine  
  27  4:20  SCV  
  25  4:31  Marine  
  23  4:33  Marine  
  23  4:34  Marine  
  26  4:43  SCV  
  24  4:49  Marine  
  24  4:51  Marine x2  
  25  4:55  SCV  
  25  4:56  SCV  
  23  5:07  SCV, Marine  
  22  5:08  SCV  
  22  5:09  Marine  
  26  5:18  Bunker  
  24  5:41  Bunker  
  21  5:44  SCV  
  21  5:45  Barracks  
  21  5:53  SCV  
  22  6:03  Barracks  
  21  6:04  Barracks  
  21  6:05  SCV  
  22  6:17  SCV  
  23  6:37  Supply Depot x2  
  23  6:40  Command Center  
Tags
 
Add a new tag
Caveats
  • Supply blocks, unpowered buildings, or Contaminate may cause inaccurate times.
  • Supply counts are checked every 10 seconds.